AoeStats
← Marbas

Runestones

507865182Analyzed
1v1 RM · 13d ago on Sep 20, 2026· 28m 48s· 2 players
Game mode
Random Map
Map size
Tiny (2 player)
Population
200
Speed
Normal
Resources
Standard
Victory
Conquest
Starting age
Dark Age
Ending age
Imperial Age
RankedLock teamsTeams togetherTeam positionsShared explorationLock speedFull tech treeHidden civsTurbo modeCheats
Victory
Defeat
🇦🇷 Bohemians · Argentina
1789
+17
🇷🇺 Goths · Russia
1813
-17
DS_Prodan
6:25 Loom
8:58 Feudal Age
12:51 Double-Bit Axe
12:47 Horse Collar
16:17 Fletching
22:15 Castle Age
22:10 Padded Archer Armor
22:53 Bodkin Arrow
22:23 Crossbowman
23:48 Bow Saw
24:23 Ballistics
26:47 Chemistry
Marbas
6:51 Loom
10:09 Feudal Age
10:41 Double-Bit Axe
10:35 Man-at-Arms
12:43 Fletching
16:45 Scale Mail Armor
20:04 Padded Archer Armor
20:16 Horse Collar
25:04 Castle Age
26:13 Leather Archer Armor
25:29 Elite Skirmisher
26:05 Bodkin Arrow
28:23 Leather Archer Armor
28:30 Bow Saw
Connection lost

Rejoining the realm…

Still unreachable

The connection could not be restored.

Session expired

The server has moved on; the page needs a fresh start.